 Dungeon Crawl Stone Soup version 0.30.0-29-ga12c61a403 (webtiles) character file.

Game seed: 16375824209942223668

600 booth the Conjurer (level 7, -1/54 HPs)
             Began as a Demonspawn Reaver on June 23, 2023.
             Slain by a gnoll
             ... wielding a +1 antimagic halberd
             ... led by a gnoll bouda
              (11 damage)
             ... on level 5 of the Dungeon.
             The game lasted 00:29:37 (4501 turns).

booth the Conjurer (Demonspawn Reaver)              Turns: 4501, Time: 00:29:37

Health: -1/54      AC:  6    Str: 15    XL:     7   Next: 18%
Magic:  9/12       EV: 11    Int: 14    God:
Gold:   92         SH:  3    Dex: 11    Spells: 10/13 levels left

rFire   . . .        c - +3 hand axe (elec)
rCold   . . .        f - +0 buckler
rNeg    . . .        b - +0 leather armour
rPois   +            n - +0 helmet
rElec   .            (no cloak)
rCorr   +            e - +0 pair of gloves
SInv    .            g - +0 pair of boots
Will    .....        (no amulet)
Stlth   +            d - ring of resist corrosion
HPRegen 0.29/turn    q - ring of poison resistance
MPRegen 0.13/turn

%: no passive effects
@: no status effects
A: hooves 1, ignite blood 1, demonic magic 1
a: no special abilities


You were on level 5 of the Dungeon.
You visited 1 branch of the dungeon, and saw 5 of its levels.

You collected 176 gold pieces.
You spent 84 gold pieces at shops.

Inventory:

Hand Weapons
 c - a +3 hand axe of electrocution (weapon)
 x - a +4 war axe
Missiles
 s - 5 silver javelins (quivered)
 z - 3 javelins
 A - 7 poisoned darts
Armour
 b - a +0 leather armour (worn)
 e - a +0 pair of gloves (worn)
 f - a +0 buckler (worn)
 g - a +0 pair of boots (worn)
 i - a +0 ring mail
 n - a +0 helmet (worn)
Jewellery
 d - a ring of resist corrosion (left hand)
 o - a +6 ring of intelligence
 q - a ring of poison resistance (right hand)
Wands
 p - a wand of iceblast (3)
 r - a wand of flame (17)
Scrolls
 j - 3 scrolls of teleportation
 l - 2 scrolls of enchant weapon
 m - a scroll of butterflies
 t - a scroll of fog {unknown}
 y - a scroll of silence
Potions
 h - 3 potions of brilliance
 k - 2 potions of lignification
 u - a potion of mutation {unknown}
 v - 2 potions of invisibility {unknown}
 w - a potion of cancellation {unknown}
 B - a potion of curing


   Skills:
 + Level 4.3 Fighting
 + Level 4.3 Axes
 - Level 2.1 Dodging
 + Level 3.9 Spellcasting
 + Level 4.8 Conjurations


You had 10 spell levels left.
You knew the following spells:

 Your Spells              Type           Power      Damage    Failure   Level
a - Kiss of Death         Conj/Necr      36%        2d8       13%         1
b - Momentum Strike       Conj/Tloc      18%        3d8       19%         2

Your spell library contained the following spells:

 Spells                   Type           Power      Damage    Failure   Level
 Dazzling Flash           Conj/Hex       18%        N/A       36%         3
 Hailstorm                Conj/Ice       9%         3d4       36%         3
 Poisonous Vapours        Pois/Air       4%         N/A       45%         2
 Mephitic Cloud           Conj/Pois/Air  7%         N/A       45%         3
 Inner Flame              Hex/Fire       2%         N/A       71%         3
 Freezing Cloud           Conj/Ice/Air   3%         6-21      99%         5
 Agony                    Necr           2%         N/A       100%        5
 Silence                  Hex/Air        1%         N/A       100%        5
 Yara's Violent Unravell  Hex/Tmut       1%         3d3       100%        5
 Enfeeble                 Hex            1%         N/A       100%        7


Dungeon Overview and Level Annotations

Branches:
Dungeon (5/15)
 Temple: D:4-7

Altars:
Fedhas

Shops:
D:4 ![[


Innate Abilities, Weirdness & Mutations

You have large cloven feet.
Your demonic aura sometimes causes spilled blood to erupt in flames.
Spells you cast may paralyse adjacent enemies.


Message History

The gnoll bouda barks out a call to the hunt!
The gnolls pick up the pace!
The gnoll closely misses you.
A gnoll comes into view. It is wielding a +0 club. x2
You hear a shout!
There is a stone staircase leading up, spattered with blood here.
You slash the gnoll!
The gnoll is severely wounded.
The gnoll hits you but does no damage.
The gnoll hits you from afar with a +0 spear.
The gnoll bouda calls upon its god to heal the gnoll.
The gnoll is healed somewhat.
The gnoll hits you with a +0 whip.
A gnoll comes into view. It is wielding a +1 antimagic halberd.
You hit the gnoll. Lightning courses through the gnoll!
You kill the gnoll!
You barely miss the gnoll. You block the gnoll's attack.
The gnoll barely misses you.
The gnoll hits you from afar with a +1 antimagic halberd.
You feel your power leaking away. The gnoll hits you with a +0 club.
The gnoll hits you but does no damage.
You completely miss the gnoll bouda. You closely miss the gnoll.
The gnoll hits you but does no damage.
The gnoll bouda hits you but does no damage.
The gnoll hits you from afar with a +1 antimagic halberd.
You feel your power leaking away. The gnoll misses you.
The gnoll hits you with a +0 club.
The gnoll hits you from afar with a +0 spear.
The gnoll bouda hits you with a +0 club.
You closely miss the gnoll bouda. You closely miss the gnoll.
You hit the gnoll. The gnoll barely misses you.
The gnoll hits you from afar with a +1 antimagic halberd.
The gnoll misses you. The gnoll barely misses you.
The gnoll bouda barks out a call to the hunt!
The gnolls pick up the pace!
The gnoll hits you from afar with a +0 spear.
* * * LOW HITPOINT WARNING * * *
The gnoll hits you with a +0 club.
* * * LOW HITPOINT WARNING * * *
The gnoll hits you from afar with a +1 antimagic halberd!
You die...

.....h .
....( .: g...
... ... ....
.g ....g .#
.....g#####.#
......g@gg..#
...##.gg#.###
+.g..#+#
####.. ...
.... .....
......


You could see a gnoll bouda and 7 gnolls.

Vanquished Creatures
  Grinder (D:4)
  2 hounds
  A gnoll bouda (D:4)
  Ijyb (D:4)
  A sleepcap (D:4)
  Natasha (thrice) (D:4)
  4 adders
  5 gnolls
  An ufetubus (D:4)
  4 orcs (D:4)
  7 endoplasms
  3 giant cockroaches
  11 goblins
  11 hobgoblins
  7 jackals
  17 kobolds
  4 quokkas
  4 ball pythons
  5 bats
  4 frilled lizards
  3 rats
99 creatures vanquished.

Notes
Turn   | Place    | Note
-------+----------+-------------------------------------------
     0 | D:1      | booth the Demonspawn Reaver began the quest for the Orb.
     0 | D:1      | Reached XP level 1. HP: 16/16 MP: 3/3
   240 | D:1      | Gained mutation: You have large cloven feet. [demonic
                  | ancestry]
   240 | D:1      | Reached XP level 2. HP: 22/22 MP: 5/5
   567 | D:1      | Found a faded altar of an unknown god.
   590 | D:1      | Learned a level 2 spell: Momentum Strike
   689 | D:1      | Reached XP level 3. HP: 24/28 MP: 6/6
  1148 | D:2      | You fall into a shaft and drop 1 floor!
  1680 | D:2      | Reached XP level 4. HP: 29/34 MP: 7/7
  2766 | D:4      | Found Piodaosch's Armour Shop.
  2769 | D:4      | Bought a +0 pair of boots for 54 gold pieces
  2776 | D:4      | Noticed Natasha
  2809 | D:4      | Killed Natasha
  2810 | D:4      | Gained mutation: Your demonic aura sometimes causes spilled
                  | blood to erupt in flames. [demonic ancestry]
  2810 | D:4      | Reached XP level 5. HP: 4/37 MP: 7/9
  2981 | D:4      | Found Muharu's Distillery.
  3035 | D:4      | Noticed Ijyb
  3035 | D:4      | Noticed Natasha
  3039 | D:4      | Killed Natasha
  3045 | D:4      | Killed Ijyb
  3270 | D:4      | Noticed Natasha
  3276 | D:4      | Killed Natasha
  3277 | D:4      | Gained mutation: Spells you cast may paralyse adjacent
                  | enemies. [demonic ancestry]
  3277 | D:4      | Reached XP level 6. HP: 41/47 MP: 10/10
  3472 | D:4      | Noticed Grinder
  3479 | D:4      | Paralysed by Grinder for 4 turns
  3485 | D:4      | Killed Grinder
  3840 | D:4      | Reached XP level 7. HP: 53/54 MP: 12/12
  3970 | D:4      | Found Xukhodo Geal's Antique Armour Boutique.
  4170 | D:4      | Bought a potion of curing for 30 gold pieces
  4304 | D:4      | Found a blossoming altar of Fedhas.
  4399 | D:5      | Entered Level 5 of the Dungeon
  4501 | D:5      | Slain by a gnoll

Illustrated notes

Levels and vault maps discovered:
D:1:      dpeg_arrival_connections, layout_basic,
          dreamdust_ecumenical_altar_grove, minmay_unequal
D:2:      layout_basic, corner_web_ring, st_stairs_7, minmay_misc_feat_five,
          grunt_ministairs_1, reono_crystal_passage
D:3:      layout_loops_cross, minmay_misc_feat_room,
          chequers_serial_rivers_micro_b, minmay_puff
D:4:      layout_basic, lemuel_tele_altar, serial_shops, shop_fountains, shop,
          shop, serial_co_window_serial, co_window_paths_b, co_window_corner_a,
          co_window_paths_a, co_window_paths_a, co_window_corner_a,
          co_window_cross_1, co_window_corner_a, co_window_corner_b,
          co_window_cross_4, co_window_unsneaky_path_c, co_window_paths_c,
          co_window_broadway_b, glass_columns_c, glass_columns_c, uniq_grinder,
          uniq_natasha, uniq_ijyb
D:5:      layout_basic, mainiacjoe_overflow_alcove_4,
          mainiacjoe_overflow_two_lobes, uniq_eustachio

Skill      XL: |  1  2  3  4  5  6 |
---------------+-------------------+-----
Dodging        | 2 |  2.1
Axes           | 3 4 |  4.3
Fighting       | 3 4 |  4.3
Spellcasting   | 3 |  3.9
Conjurations   | 4 |  4.8

Action                     |  1- 3 |  4- 6 |  7- 9 || total
---------------------------+-------+-------+-------++-------
  Melee: Hand axe          |    98 |   119 |    31 ||   248
         Kick              |    10 |     6 |       ||    16
  Throw: Javelin           |       |     6 |     3 ||     9
   Cast: Kiss of Death     |       |     1 |       ||     1
    Use: Scroll            |     4 |     4 |     1 ||     9
         Potion            |       |     3 |     1 ||     4
 Armour: Leather armour    |    27 |    31 |    19 ||    77
  Dodge: Dodged            |    48 |    76 |    27 ||   151
  Block: Buckler           |     8 |    16 |     7 ||    31
